 Dungeon Crawl Stone Soup version 0.27.1-33-g824d729ab1 (webtiles) character file.

Game seed: 9352128932346286453

158 Stomo444 the Skirmisher (level 5, 0/28 HPs)
             Began as a Vine Stalker Fighter on Dec 7, 2021.
             Slain by a scorpion (3 damage)
             ... on level 4 of the Dungeon.
             The game lasted 00:02:52 (2974 turns).

Stomo444 the Skirmisher (Vine Stalker Fighter)      Turns: 2974, Time: 00:02:53

Health: 0/28       AC:  9    Str: 20    XL:     5   Next: 39%
Magic:  0/6        EV:  8    Int:  8    God:
Gold:   205        SH:  9    Dex: 13    Spells: 4/4 levels left

rFire    . . .     SeeInvis .   a - +0 flail (flame)
rCold    . . .     Faith    .   c - +0 kite shield
rNeg     . . .     Spirit   +   b - +0 scale mail
rPois    .         Reflect  .   (no helmet)
rElec    .         Harm     .   (no cloak)
rCorr    .         Rampage  .   j - +2 pair of gloves
Will     .....                  (no boots)
Stlth    ..........             (no amulet)
HPRegen  1.09/turn              (no ring)
MPRegen  0.10/turn              (no ring)

@: lethally poisoned (0 -> -7)
A: fangs 2, regeneration 1, magic shield, antimagic bite, no potion heal 2
a: no special abilities


You were on level 4 of the Dungeon.
You visited 1 branch of the dungeon, and saw 4 of its levels.

You collected 205 gold pieces.

Inventory:

Hand Weapons
 a - a +0 flail of flaming (weapon)
Armour
 b - a +0 scale mail (worn)
 c - a +0 kite shield (worn)
 j - a +2 pair of gloves (worn)
Wands
 d - a wand of flame (31)
 e - a wand of polymorph (11)
Scrolls
 f - a scroll of silence
Potions
 g - a potion of might
 h - a potion of curing
 l - 2 potions of degeneration {unknown}
 m - a potion of mutation {unknown}
 o - 2 potions of flight {unknown}
 q - a potion of berserk rage {unknown}


   Skills:
 + Level 3.4 Fighting
 + Level 2.6 Maces & Flails
 + Level 3.0 Armour
 + Level 1.5 Dodging
 + Level 3.3 Shields


You had 4 spell levels left.
You didn't know any spells.
Your spell library contained the following spells:

 Spells                   Type           Power      Damage    Failure   Level
 Summon Small Mammal      Summ           0%         N/A       99%         1
 Call Canine Familiar     Summ           0%         N/A       100%        3
 Summon Guardian Golem    Hex/Summ       0%         N/A       100%        3


Dungeon Overview and Level Annotations

Branches:
Dungeon (4/15)
 Temple: D:4-7

Altars:


Innate Abilities, Weirdness & Mutations

You have extremely sharp teeth.
Your natural rate of healing is unusually fast.
When hurt, damage is shared between your health and your magic reserves.
Your bite disrupts and absorbs the magic of your enemies.
Potions cannot restore your health.


Message History

You barely miss the quokka. Your bite misses the quokka.
The quokka is heavily wounded.
You hear the slow rusting of a very distant drain.
You block the quokka's attack.
The quokka bites you but does no damage.
A quokka is nearby!
A quokka is nearby!
A quokka is nearby!
A quokka is nearby!
You sock the quokka! You burn the quokka.
You kill the quokka!
A quokka and a scorpion come into view.
Found 10 gold pieces.
There are monsters nearby!
There are monsters nearby!
There are monsters nearby!
You hit the scorpion. You burn the scorpion. You bite the scorpion.
You drain its power.
The scorpion is heavily wounded.
The scorpion stings you.
You are poisoned.
The scorpion poisons you! The scorpion stings you.
You are more poisoned.
The scorpion poisons you!
You hit the scorpion but do no damage. Your bite misses the scorpion.
The scorpion is heavily wounded.
You feel extremely sick. The scorpion barely misses you.
The scorpion closely misses you.
You hit the scorpion. You burn the scorpion.
The scorpion is almost dead.
You feel very sick. The scorpion stings you!
* * * LOW HITPOINT WARNING * * *
You are lethally poisoned!
The scorpion poisons you!
Unknown command.
* * * LOW HITPOINT WARNING * * *
You feel very sick. The scorpion stings you.
You die...

.........##........#
.8.....8.##........#
.........##........#
..8...8..##.########
....8..†....#
.........#### ####
#.#.#..#.# .....
#........####....#
########..@sr..#
######...$# .....
####


You could see a scorpion and a quokka.

Vanquished Creatures
  Terence (D:2)
  An iguana (D:4)
  An orc wizard (D:3)
  An adder (D:4)
  2 worms (D:2)
  A dart slug (D:2)
  3 orcs (D:3)
  6 bats
  6 endoplasms
  5 giant cockroaches
  A goblin (D:4)
  4 hobgoblins
  5 jackals (D:3)
  3 quokkas
  6 ball pythons
  A frilled lizard (D:1)
  6 kobolds
  7 rats
60 creatures vanquished.

Vanquished Creatures (others)
  2 fungi (D:4)
2 creatures vanquished.

Grand Total: 62 creatures vanquished

Notes
Turn   | Place    | Note
-------+----------+-------------------------------------------
     0 | D:1      | Stomo444 the Vine Stalker Fighter began the quest for the
                  | Orb.
     0 | D:1      | Reached XP level 1. HP: 11/11 MP: 2/2
   225 | D:1      | Reached XP level 2. HP: 16/16 MP: 3/3
  1230 | D:2      | Reached XP level 3. HP: 19/19 MP: 4/4
  1242 | D:2      | Found a faded altar of an unknown god.
  1324 | D:2      | Noticed Terence
  1336 | D:2      | Killed Terence
  1337 | D:2      | Reached skill level 1 in Dodging
  1338 | D:2      | Gained mutation: Your natural rate of healing is unusually
                  | fast. [Vine Stalker growth]
  1338 | D:2      | Reached XP level 4. HP: 7/24 MP: 2/5
  2408 | D:3      | Reached XP level 5. HP: 28/28 MP: 6/6
  2974 | D:4      | Slain by a scorpion

Illustrated notes

Levels and vault maps discovered:
D:1:      tarquinn_simple_flora_water_f, layout_basic
D:2:      layout_basic, chequers_ecumenical_altar_simple, minmay_surrounded,
          uniq_terence
D:3:      kennysheep_six_static_rooms, layout_basic
D:4:      layout_loops_cross, nicolae_uskayaw_dance_hall, portal_sewer_entry_e,
          minmay_misc_feat_plants

Skill      XL: |  1  2  3  4  5 |
---------------+----------------+-----
Maces & Flails | 2 |  2.6
Fighting       | 3 |  3.4
Dodging        | 1 |  1.5
Shields        | 3 |  3.3
Armour         | 3 |  3.0

Action                   |  1- 3 |  4- 6 || total
-------------------------+-------+-------++-------
Melee: Flail             |    68 |   112 ||   180
       Bite              |    18 |    30 ||    48
  Use: Potion            |     2 |       ||     2
       Scroll            |       |     8 ||     8
Armor: Scale mail        |    36 |    73 ||   109
Dodge: Dodged            |    24 |    54 ||    78
Block: Kite shield       |    30 |    72 ||   102
